 Dungeon Crawl Stone Soup version 0.24.0-28-g17ded55e90 (webtiles) character file.

Game seed: 1994366134788550463, levelgen mode: deterministic

762 PentaManta the Sneak (level 7, -1/45 HPs)
             Began as an Octopode Assassin on Nov 11, 2019.
             Killed by divine providence
             ... invoked by an orc priest
              (13 damage)
             ... on level 4 of the Dungeon.
             The game lasted 00:12:10 (5119 turns).

PentaManta the Sneak (Octopode Assassin)            Turns: 5119, Time: 00:12:11

Health: -1/45      AC:  1    Str: 10    XL:     7   Next: 81%
Magic:  7/7        EV: 15    Int: 14    God:
Gold:   118        SH:  5    Dex: 15    Spells: 6/6 levels left

rFire    . . .     SeeInvis .   a - +2 dagger
rCold    . . .     Gourm    .   l - +0 buckler
rNeg     . . .     Faith    .   (helmet restricted)
rPois    .         Spirit   .   (no amulet)
rElec    .         Reflect  .   u - ring of resist corrosion
rCorr    +         Harm     .   (no ring)
MR       .....                  (no ring)
Stlth    +++++.....             (no ring)
HPRegen  0.15/turn              (no ring)
MPRegen  0.10/turn              (no ring)
                                (no ring)
                                (no ring)

@: lethally poisoned (-1 -> -17)
A: almost no armour, stealthy swim, amphibious, 8 rings, constrict 8, camouflage
1, gelatinous body 1
a: no special abilities


You were on level 4 of the Dungeon.
You were not hungry.

You visited 1 branch of the dungeon, and saw 4 of its levels.
You also visited: Sewer.

You collected 118 gold pieces.

Inventory:

Hand Weapons
 a - a +2 dagger (weapon)
 q - a +0 short sword of freezing
Missiles
 b - 13 poisoned darts
 c - 2 curare-tipped darts
 s - 4 atropa-tipped darts
 t - a throwing net (quivered)
Armour
 l - a +0 buckler (worn)
Jewellery
 u - a ring of resist corrosion (left tentacle)
Wands
 n - a wand of paralysis (10)
Scrolls
 e - a scroll of fog
 g - 2 scrolls of identify
 i - 4 scrolls of remove curse
 j - 2 scrolls of magic mapping
 k - 4 scrolls of teleportation
 o - 2 scrolls of amnesia
Potions
 f - a potion of ambrosia
 h - 3 potions of heal wounds {unknown}
 m - a potion of flight
 p - a potion of might
 r - a potion of agility
 v - a potion of curing
Comestibles
 d - 10 rations


   Skills:
 - Level 2.0 Fighting
 * Level 5.4 Short Blades
 - Level 2.0 Throwing
 * Level 4.7 Dodging
 + Level 7.2 Stealth
 + Level 2.9 Shields


You had 6 spell levels left.
You didn't know any spells.
Your spell library was empty.

Dungeon Overview and Level Annotations

Branches:
Dungeon (4/15)              Sewer (visited)
 Temple: D:4-7

Altars:
Fedhas
Kikubaaqudgha
Nemelex Xobeh
Qazlal
Trog
The Shining One

Shops:
D:4 (


Innate Abilities, Weirdness & Mutations

You cannot wear most types of armour.
You are very stealthy in the water. (Stealth+)
You are amphibious.
You can wear up to eight rings at the same time.
You can use your tentacles to constrict eight enemies at once.
Your skin changes colour to match your surroundings (Stealth+).
Your rubbery body absorbs attacks. (AC +1, EV +1)


Message History

You constrict the orc priest, but do no damage.
You constrict the orc priest.
You feel sick. You block the orc's attack.
You hit the orc priest. You squeeze the orc priest.
You kill the orc priest!
You constrict the orc priest.
The orc priest hits you with a +0 flail!
The orc wizard casts a spell at you. The magic dart hits you!
You hit the orc priest.
The orc priest is severely wounded.
You constrict the orc priest, but do no damage.
You feel sick.
The orc hits you with a +2 whip of venom.
You are more poisoned.
The orc hits you with a +0 hand axe.
The orc wizard hits you with a +0 dagger.
* * * LOW HITPOINT WARNING * * *
The orc priest invokes the aid of Beogh against you.
Beogh smites you!
You die...

#####.......<.####..#####...# ≈≈#
#..................##...####
#≈###..######.####..##.........##
≈≈##.(...........................
###.>#.#########.#..##.........#.
÷≈#..#.# #....##.##<..####.
#≈#..#.#########.....#...........
#÷#..#.##......ooo....###...##.#.
#≈#..#.##.......@o...## ##.##*.#.
#≈#........#####....## #.###.#.
#.##.#.#..## #.#.## #.##....
####.#....# #.### #.##....
#>#..#.## #.# #.##..#*
#....#..#####.# #.....#
#...###.......# ######..##
##..##.##..##### #.........
##..##...##..###### #[####..##


You could see an orc priest, an orc wizard and 2 orcs.

Vanquished Creatures
  Grinder (D:4)
  An ice beast (D:4)
  A scorpion (D:4)
  Crazy Yiuf (D:3)
  4 orc priests
  A hound (D:4)
  Ijyb (D:3)
  5 adders
  6 river rats
  2 oozes
  2 worms
  3 dart slugs
  2 leopard geckos
  6 orcs
  4 giant cockroaches
  21 goblins
  6 hobgoblins
  3 jackals (D:1)
  11 kobolds
  A quokka (D:2)
  3 ball pythons
  2 bats (D:1)
  15 frilled lizards
  A leopard gecko skeleton (D:4)
  23 rats
126 creatures vanquished.

Notes
Turn   | Place    | Note
-------+----------+-------------------------------------------
     0 | D:1      | PentaManta the Octopode Assassin began the quest for the
                  | Orb.
     0 | D:1      | Reached XP level 1. HP: 14/14 MP: 1/1
   321 | D:1      | Reached XP level 2. HP: 18/19 MP: 2/2
   588 | D:1      | Reached XP level 3. HP: 20/24 MP: 3/3
  1305 | D:2      | Found a sparkling altar of Nemelex Xobeh.
  1631 | D:2      | Reached XP level 4. HP: 10/29 MP: 4/4
  1989 | D:3      | Found a blossoming altar of Fedhas.
  2256 | D:3      | Noticed Ijyb
  2333 | D:3      | HP: 1/29 [Ijyb/+0 dagger (4)]
  2338 | D:3      | Killed Ijyb
  2338 | D:3      | Reached skill level 6 in Stealth
  2338 | D:3      | Reached skill level 1 in Shields
  2338 | D:3      | Reached XP level 5. HP: 12/34 MP: 5/5
  2542 | D:3      | Found a stormy altar of Qazlal.
  2853 | D:3      | Found a bloodstained altar of Trog.
  3226 | D:3      | Found a runed translucent door.
  3227 | D:3      | Noticed Crazy Yiuf
  3354 | D:3      | Killed Crazy Yiuf
  3543 | D:4      | Reached XP level 6. HP: 39/39 MP: 6/6
  3573 | D:4      | Found an ancient bone altar of Kikubaaqudgha.
  3573 | D:4      | Noticed an ice beast
  3574 | D:4      | Noticed Grinder
  3788 | D:4      | Found Qugepp's Weapon Shoppe.
  3845 | D:4      | Found a glowing drain.
  3859 | Sewer    | Entered a sewer
  4585 | D:4      | Killed an ice beast
  4585 | D:4      | Reached XP level 7. HP: 45/45 MP: 7/7
  4607 | D:4      | Paralysed by Grinder for 6 turns
  4616 | D:4      | Killed Grinder
  4616 | D:4      | Reached skill level 5 in Short Blades
  4616 | D:4      | Reached skill level 7 in Stealth
  5007 | D:4      | Found a glowing golden altar of the Shining One.
  5119 | D:4      | Killed from afar by an orc priest

Levels and vault maps discovered:
D:1:      dpeg_arrival_tiny_d, layout_basic
D:2:      layout_loops_ring, minmay_liquid_box, nemelex_spade_bored_becter
D:3:      kennysheep_the_goblin_king, layout_rooms,
          lemuel_coloured_pillars_altar, nicolae_qazlal_general_emergency,
          first_ration, minivault_27, trog_hazing_becter,
          uniq_crazy_yiuf_cottage
D:4:      layout_loops_ring, tso_metal_star, old_standard_altar, serial_shops,
          nicolae_shop_window_shopping, lightli_sewer_entry_pipes, uniq_natasha,
          uniq_grinder

Skill      XL: |  1  2  3  4  5  6  7 |
---------------+----------------------+-----
Short Blades   | 3 4 5 |  5.4
Dodging        | 2 3 4 |  4.7
Stealth        | 6 7 |  7.2
Shields        | 1 2 |  2.9
Fighting       | |  2.0
Throwing       | |  2.0

Action                   |  1- 3 |  4- 6 |  7- 9 || total
-------------------------+-------+-------+-------++-------
Melee: Dagger            |    74 |    79 |    34 ||   187
       Tentacles         |    15 |    22 |     6 ||    43
       Constrict         |    19 |    30 |     9 ||    58
       Short sword       |       |    80 |       ||    80
Throw: Dart              |       |     7 |       ||     7
       Throwing net      |       |       |     1 ||     1
Evoke: Wand              |       |     1 |     1 ||     2
  Use: Potion            |       |     1 |       ||     1
       Scroll            |       |    10 |       ||    10
 Stab: Sleeping          |    15 |    22 |       ||    37
       Distracted        |       |     1 |     1 ||     2
       Paralysed         |       |     1 |       ||     1
       Held in net/web   |       |       |     2 ||     2
  Eat: Chunk             |     2 |     9 |     2 ||    13
Armor: Skin              |     5 |     4 |       ||     9
Dodge: Dodged            |    37 |    78 |    18 ||   133
Block: Buckler           |     1 |    25 |    11 ||    37
